[Event "*** MasterClass Titled Tuesday Blitz"]
[Site "Chess.com"]
[Date "2017.12.12"]
[Round "3"]
[White "Keaton87"]
[Black "Big_Fishy"]
[Result "1/2-1/2"]
[WhiteElo "2511"]
[BlackElo "2356"]
[TimeControl "180+2"]
[EndTime "13:38:58 PST"]
[Termination "Game drawn by repetition"]

1. d4 Nf6 2. Bg5 Ne4 3. Bf4 c5 4. f3 Qa5+ 5. c3 Nf6 6. d5 d6 7. e4 g6 8. Na3 Nbd7 9. Nc4 Qc7 10. a4 Bg7 11. Qd2 O-O 12. Bh6 a6 13. Bxg7 Kxg7 14.
h4 h5 15. Nh3 Ne5 16. Ng5 Nxc4 17. Bxc4 Bd7 18. a5 b5 19. axb6 Qxb6 20. O-O Rfb8 21. Ra2 Bb5 22. Bxb5 axb5 23. Rfa1 Rxa2 24. Rxa2 Nd7 25. f4 c4+ 26. Qf2 Nc5 27. Qd4+ Kg8 28.
Kh2 Na4 29. Qxb6 Rxb6 30. Kg3 Kg7 31. Kf3 Rb7 32. Ke3 Nc5 33. Nf3 Nd3 34. g3 e6 35.
Kd4 Kf6 36. dxe6 fxe6 37. Ra6 Ke7 38. e5 Rd7 39. Ke3 Nxb2 40. exd6+ Rxd6 41. Ra7+ Rd7 42. Rxd7+ Kxd7 43. Ne5+ Kd6 44. Nxg6 Nd1+ 45. Kd4 Nf2 46. Ne5 Nh3 47. Nf3 Nf2 48. Ng5 Ng4 49. Ne4+ Kc6 50.
Ng5 Kd6 51. Ne4+ Kc6 52. Nd2 Nf2 53. Nf3 Nh1 54. Ne5+ Kd6 55. g4 hxg4 56. Nxg4 Ng3 57. Nf6 Nf5+ 58. Ke4 Nxh4 59. Ne8+ Kc5 60. Nc7 b4 61.
Na6+ Kb5 62. Nxb4 Ng2 63. Ke5 Kc5 64. Na6+ Kb6 65. Nb8 Kb5 66. Nd7 Ka4 67. Nc5+ Ka3 68.
Nxe6 Kb2 69. Kd4 Kb3 70. f5 Nh4 71. f6 Nf5+ 72. Ke5 Nh6 73. Kd4 Nf5+ 74. Ke5 Nh6 75. Nd4+ Kxc3 76. Nf5 Nf7+ 77. Ke6 Ng5+ 78. Ke5 Kd3 79.
Kf4 Nf7 80. Ne3 c3 81. Kf3 Ne5+ 82. Kf4 Ng6+ 83. Kf3 Ne5+ 84. Kf4 Nf7 85. Kf3 Ng5+ 86. Kf4 Ne6+ 87. Kf3 Nd4+ 88. Kf4 Ne6+ 89. Kf3 Ng5+ 90. Kf4 Ne6+ 1/2-1/2

[Event "*** MasterClass Titled Tuesday Blitz"]
[Site "Chess.com"]
[Date "2017.12.12"]
[Round "3"]
[White "Salem-AR"]
[Black "chito89"]
[Result "1/2-1/2"]
[WhiteElo "2829"]
[BlackElo "2576"]
[TimeControl "180+2"]
[EndTime "13:39:01 PST"]
[Termination "Game drawn - insufficient material"]

1. Nf3 d5 2. c4 c6 3. d4 e6 4. Nc3 dxc4 5. e4 b5 6. Be2 Nf6 7. e5 Nd5 8. a4 Bb4 9. Bd2 Bxc3 10. bxc3 h6 11. O-O Nd7 12. Qb1 a6 13. Qe4 Bb7 14.
Qg4 Kf8 15. Rab1 N7b6 16. Bd1 Qe7 17. Nh4 c5 18. axb5 axb5 19. Rxb5 cxd4 20. Qxd4 Rd8 21. Bc1 g5 22. Nf3 Qc7 23. Ba3+ Kg7 24. Bd6 Qc6 25.
Rc5 Qd7 26. h4 Nf4 27. hxg5 hxg5 28. Nxg5 Rh4 29. f3 Rdh8 30. Rc7 Qxc7 31. Bxc7 Nbd5 32. Bd6 Nd3 33. Qxh4 Rxh4 34. Ba4 Nxc3 35. g3 Rh5 36. Nxe6+ fxe6 37. Be8 Rf5 38. f4 Ne2+ 39. Kh2 c3 40. Kh3 c2 41. Ba3 c1=Q 42. Bxc1 Ndxc1 43. Bd7 Rf8 44. Bxe6 Nd3 45. Kg4 Nd4 46. Ba2 Bc8+ 47. Kg5 Rf5+ 48. Kh4 Rf8 49. g4 Nxf4 50. Rc1 Ng6+ 51.
Kh3 Ne2 52. Rc7+ Kh6 53. Bb1 Nef4+ 54. Kg3 Nxe5 55. Rh7+ Kg5 56. Rg7+ Nfg6 57. Be4 Bxg4 58. Ra7 Rf4 59. Ra4 Bf5 60. Bc6 Rf1 61. Bg2 Rc1 62.
Ra3 Nf4 63. Ba8 Nh5+ 64. Kf2 Rc2+ 65. Ke1 Nf4 66. Kd1 Nc4 67. Rg3+ Kf6 68. Rf3 Nb2+ 69. Ke1 Nfd3+ 70. Kf1 Nc4 71. Kg1 Rc1+ 72. Rf1 Rc2 73. Be4 Nd6 74. Bxd3 Rd2 75. Bxf5 Nxf5 76. Rf2 Rxf2 77.
Kxf2 1/2-1/2

[Event "*** MasterClass Titled Tuesday Blitz"]
[Site "Chess.com"]
[Date "2017.12.12"]
[Round "3"]
[White "jbj"]
[Black "chessking2151"]
[Result "0-1"]
[WhiteElo "2251"]
[BlackElo "2363"]
[TimeControl "180+2"]
[EndTime "13:39:15 PST"]
[Termination "chessking2151 won on time"]

1. e4 e5 2. Nf3 Nc6 3. Bc4 Nf6 4. d3 Be7 5. c3 O-O 6. Bb3 d6 7. Nbd2 Na5 8. Bc2 c5 9. Nf1 Re8 10. Ng3 b5 11. O-O Nc6 12. h3 b4 13. Ba4 Bd7 14.
d4 Qc7 15. d5 Nb8 16. Bxd7 Nbxd7 17. c4 a5 18. a4 bxa3 19. Rxa3 Reb8 20. Nf5 Bf8 21.
Re1 Nb6 22. Qc2 Ne8 23. Bd2 a4 24. Ne3 g6 25. g4 Qd7 26. Kg2 Nc7 27. h4 Na6 28.
Rg1 Nb4 29. Qd1 Bh6 30. g5 Bg7 31. Kf1 Qh3+ 32. Ke2 Qd7 33. Rh1 h5 34. gxh6 Bxh6 35. Ng5 Bxg5 36. hxg5 Kg7 37. Qg1 Rh8 38. Rh6 Rxh6 39.
gxh6+ Kh7 40. Ng4 Qe7 41. Rf3 Nd7 42. Qg3 Nc2 43. Kf1 Nd4 44. Ra3 Rb8 45. Bc1 Rb3 46. Rxb3 axb3 47. Be3 f5 48. exf5 gxf5 49. Bxd4 cxd4 50.
Nh2 Nc5 51. Nf3 Qf6 52. Ng5+ Kxh6 53. Nf3 e4 54. Qh3+ Kg7 55. Nd2 d3 56. Qg3+ Kf7 57.
Qh3 Qg5 58. Qh7+ Kf8 59. Qh8+ Kf7 60. Qh7+ Kf6 61. Qh8+ Qg7 62. Qd8+ Qe7 63. Qb8 e3 64. fxe3 Qxe3 65. Qxd6+ Kg7 66. Qc7+ Kh6 67. Qh2+ Kg7 68. Qg2+ Kf7 69. Qh2 Ne4 70. Nxe4 Qxe4 71. Qh7+ Kf6 72. Qh6+ Kf7 73. Qh5+ Kg7 74. Qg5+ Kf8 75. Qf6+ Kg8 76. Qd8+ Kg7 77. Qc7+ Kf6 78. Qb6+ Kg5 79. Qg1+ Kf6 80.
Qb6+ Kg5 81. Qd8+ Kg4 82. Qg8+ Kf4 83. Qb8+ Ke3 84. Qg3+ Kd2 85. Qg5+ Kc2 86. d6 d2 0-1

[Event "*** MasterClass Titled Tuesday Blitz"]
[Site "Chess.com"]
[Date "2017.12.12"]
[Round "3"]
[White "joppie2"]
[Black "TheBigBoss04"]
[Result "1-0"]
[WhiteElo "2658"]
[BlackElo "2494"]
[TimeControl "180+2"]
[EndTime "13:39:53 PST"]
[Termination "joppie2 won by resignation"]

1. e4 g6 2. d4 Bg7 3. Nf3 d6 4. Bc4 a6 5. Bb3 b5 6. a4 Bb7 7. axb5 axb5 8. Rxa8 Bxa8 9. Qe2 c6 10. e5 e6 11.
exd6 Qxd6 12. Nc3 Nf6 13. Bg5 Nbd7 14. O-O O-O 15. Ra1 Bb7 16. Bh4 Ra8 17. Rxa8+ Bxa8 18.
Bg3 Qb4 19. Ng5 Nf8 20. Be5 h6 21. Nge4 N8d7 22. Nxf6+ Nxf6 23. h3 Bb7 24. Qe3 Qe7 25. Ne2 Nd5 26. Bxd5 cxd5 27. Bxg7 Kxg7 28. Nf4 Qf6 29.
Nd3 Bc6 30. Ne5 Be8 31. Ng4 Qg5 32. Qxg5 hxg5 33. Kf1 f6 34. Ke2 Kf7 35. Ke3 Ke7 36.
f3 Bd7 37. Nf2 Kd6 38. Nd3 Bc6 39. g3 Be8 40. f4 gxf4+ 41. gxf4 Bd7 42. Nf2 Be8 43.
Ng4 Ke7 44. Kf3 Bc6 45. Ke3 Bd7 46. Nf2 Kd6 47. h4 Be8 48. Nd3 Bc6 49. b3 Bd7 50.
Nc5 Bc6 51. Nd3 Bd7 52. Ne1 Be8 53. Nd3 Bc6 54. Nf2 Bd7 55. Ng4 Ke7 56. Nf2 Kd6 57. Nd3 Bc6 58. Ne1 Be8 59. Nf3 Bc6 60. Kd3 b4 61. Ke3 Bb5 62. Nh2 Bd7 63. Ng4 Ke7 64. Nf2 Bb5 65. Nh1 Kd6 66. Ng3 Be8 67. Kd3 Bb5+ 68. Kd2 Ke7 69. h5 gxh5 70. Nxh5 Be8 71.
Ng3 Kd6 72. Ne2 Bg6 73. Nc1 e5 74. fxe5+ fxe5 75. dxe5+ Kxe5 76. Na2 Kd6 77. Nxb4 Kc5 78. Nd3+ Kd6 79. Kc3 Be4 80. Kd4 Bg6 81. Nb4 Bf7 82.
c3 Be6 83. Nc2 Bf7 84. Ne3 Be6 85. b4 Bf7 86. Nf5+ Ke6 87. b5 Kd7 88. Kc5 Be6 89. Ne3 Kc7 90. Nxd5+ Kb7 91. c4 Bd7 92. Kb4 Be6 93. Nc3 Bd7 94. c5 Be8 95. Ne2 Kc7 96.
Ka5 Kb7 97. Nd4 Ka7 98. b6+ Kb8 99. c6 Bf7 100. c7+ Kb7 101. Nf5 Be6 102. Nd6+ Ka8 103. b7+ 1-0

[Event "*** MasterClass Titled Tuesday Blitz"]
[Site "Chess.com"]
[Date "2017.12.12"]
[Round "3"]
[White "Tash_Boy"]
[Black "SantoBlue"]
[Result "1-0"]
[WhiteElo "2465"]
[BlackElo "2577"]
[TimeControl "180+2"]
[EndTime "13:43:11 PST"]
[Termination "Tash_Boy won by resignation"]

1. d4 Nf6 2. c4 e6 3. Nc3 Bb4 4.
e3 O-O 5. Bd3 c5 6. Nf3 d5 7. cxd5 exd5 8. O-O cxd4 9. exd4 Nc6 10.
Bg5 Be6 11. Ne5 Be7 12. Bc2 Rc8 13. Rc1 Re8 14. Bb1 Qb6 15. Na4 Qa5 16. Nxc6 bxc6 17.
Nc5 Bxc5 18. Rxc5 Qd8 19. Qf3 h6 20. Bxf6 Qxf6 21. Qxf6 gxf6 22. Rfc1 Bd7 23. Kf1 Rb8 24. b3 Kf8 25. Ra5 Rb7 26. Re1 Ra8 27. Ke2 Ke7 28.
Kd2+ Kd6 29. Bd3 Rg8 30. g3 Be6 31. Kc3 Rc7 32. Rc5 Rb8 33. b4 Rcb7 34. a3 Rg8 35.
Rc1 Rb6 36. Kd2 h5 37. h4 Rg4 38. Ke3 Rg8 39. Ra5 Ra8 40. Be2 Re8 41. Kd2 Bf5 42. Bxh5 Re4 43. Kc3 Re7 44. Bf3 Rb8 45. Kd2 Rb6 46.
Re1 Be4 47. Be2 Rb8 48. Bd3 f5 49. f3 Bxf3 50. Rxe7 Kxe7 51. Rxa7+ Kf6 52. Rc7 Rg8 53. Rxc6+ Ke7 54. b5 Rxg3 55. a4 Be4 56. Rc3 Rg2+ 57. Be2 f4 58. Ke1 Rg1+ 59. Kf2 Rb1 60. a5 Rb2 61. a6 Kd6 62. h5 Bf5 63. Ke1 Rb1+ 64. Kf2 Rb2 65. h6 Bg4 66. Rf3 Bxf3 67. Kxf3 Kc7 68. h7 Rb3+ 69. Kxf4 Rh3 70. Bd3 f6 71. Kf5 Rxh7 72. Kxf6 Rh3 73. Bf5 Rb3 74. Ke5 Rxb5 75. Be6 Kc6 76. Bc8 Ra5 77. Bb7+ Kc7 78. Ke6 Rb5 79. Ke5 Kb6 80. Kd6 Ra5 81. Ke5 Ka7 82. Kd6 Kb8 83. Kc6 Ka7 84. Kd6 Rb5 85. Kc6 Ra5 86.
Kd6 Kb6 87. Ke6 Kc7 88. Ke5 Kd7 89. Bxd5 Rxa6 90. Be4 Re6+ 91. Kd5 Rh6 92. Bf5+ Ke7 93. Ke5 Rh1 94. Be4 Ra1 95. d5 Ra5 96. Bf5 Kd8 97. Kd6 Ra6+ 98. Kc5 Ke7 99. Bd3 Ra5+ 100. Bb5 Ra1 101.
d6+ Ke6 102. Bc4+ Kd7 103. Bb5+ Ke6 104. Bc4+ Kf6 105. Bb5 Rc1+ 106. Kd5 Rb1 107. Bc6 Rb2 108. d7 Ke7 109.
Kc5 Rh2 110. Kd5 Rh5+ 111. Kc4 Ra5 112. Bb5 Ra8 113. Kc5 Ra1 114. Kb6 Kd8 115. Bc6 Rc1 116. Bb5 Rd1 117. Bc6 Rd6 118. Kc5 Kc7 119. Bb5 Rh6 120. Ba4 Rh4 121. Bb5 Rh5+ 122. Kb4 Re5 123. Ba4 Re4+ 124. Kb3 Rd4 125. Bb5 Kb6 126. Kc3 Rd6 127. Ba4 Kc5 128. Kb3 Rd4 129. Kc3 Rd6 130. Kb3 Kd4 131. Kb4 Rb6+ 132. Ka5 Rb8 133. Ka6 Kc5 134. Ka7 Rh8 135. Kb7 Kd6 136. Kb6 Rb8+ 137. Ka6 Kc7 138. Ka5 Kd6 139. Ka6 Kc7 140. Ka5 Rb7 141. Bb5 Kd6 142. Kb4 Kd5 143. d8=Q+ 1-0

[Event "*** MasterClass Titled Tuesday Blitz"]
[Site "Chess.com"]
[Date "2017.12.12"]
[Round "4"]
[White "Alex_Banzea"]
[Black "rst2003"]
[Result "1-0"]
[WhiteElo "2227"]
[BlackElo "2177"]
[TimeControl "180+2"]
[EndTime "13:47:13 PST"]
[Termination "Alex_Banzea won by resignation"]

1. e4 c5 2. Nf3 d6 3. d4 cxd4 4. Nxd4 Nf6 5. Nc3 a6 6. f3 e5 7.
Nb3 Be7 8. Be3 Be6 9. Qd2 h5 10.
Nd5 Nxd5 11. exd5 Bf5 12. Be2 Nd7 13. O-O O-O 14. c4 Bh7 15. Na5 Qc7 16. b4 f5 17.
Rac1 f4 18. Bf2 b6 19. Nc6 Bg5 20. Bd3 Bxd3 21. Qxd3 Nf6 22. a4 Rf7 23. a5 bxa5 24.
Nxa5 Qe7 25. Nc6 Qe8 26. Rfe1 Bh6 27. c5 dxc5 28. bxc5 Nd7 29. d6 Qe6 30. Ne7+ Rxe7 31. dxe7 Qxe7 32. Qd5+ Kh7 33. Qxa8 Nf6 34. c6 e4 35. fxe4 Ng4 36. c7 f3 37. c8=Q Nxf2 38. Qf5+ 1-0

[Event "*** MasterClass Titled Tuesday Blitz"]
[Site "Chess.com"]
[Date "2017.12.12"]
[Round "4"]
[White "tigra"]
[Black "bugsbunny444"]
[Result "1-0"]
[WhiteElo "2642"]
[BlackElo "2438"]
[TimeControl "180+2"]
[EndTime "13:47:30 PST"]
[Termination "tigra won by resignation"]

1. e4 e6 2. d4 d5 3. Nc3 Nf6 4. Bg5 Bb4 5. e5 h6 6. Bc1 Nfd7 7.
a3 Bf8 8. f4 c5 9. Nf3 Nc6 10.
Be3 cxd4 11. Nxd4 Bc5 12. Qd3 Ndxe5 13. fxe5 Nxd4 14. O-O-O Bd7 15. Bxd4 Bxd4 16. Qxd4 Qg5+ 17. Kb1 O-O 18. h4 Qe7 19. g4 b5 20. Bxb5 Rab8 21. Qxa7 1-0

[Event "*** MasterClass Titled Tuesday Blitz"]
[Site "Chess.com"]
[Date "2017.12.12"]
[Round "4"]
[White "Schemato"]
[Black "lukas_111111"]
[Result "0-1"]
[WhiteElo "2304"]
[BlackElo "2452"]
[TimeControl "180+2"]
[EndTime "13:47:33 PST"]
[Termination "lukas_111111 won by resignation"]

1. c4 e5 2. g3 c6 3. d4 e4 4. Nc3 d5 5. Bf4 Nf6 6. e3 Nbd7 7. h4 a6 8. Nh3 h6 9. cxd5 cxd5 10.
Qb3 Nb6 11. Be5 Ng4 12. Rc1 f6 13. Bf4 g5 14. Na4 Nxa4 15. Qxa4+ Bd7 16. Qb3 Qa5+ 0-1

[Event "*** MasterClass Titled Tuesday Blitz"]
[Site "Chess.com"]
[Date "2017.12.12"]
[Round "4"]
[White "robbykevlishvili"]
[Black "dusanacns"]
[Result "1-0"]
[WhiteElo "2465"]
[BlackElo "2590"]
[TimeControl "180+2"]
[EndTime "13:48:42 PST"]
[Termination "robbykevlishvili won by resignation"]

1. e4 d6 2. d4 Nf6 3. Nc3 e5 4. Nf3 exd4 5. Qxd4 Be7 6. Bf4 O-O 7.
O-O-O Nc6 8. Qd2 Be6 9. Kb1 Re8 10. Nd4 Nxd4 11. Qxd4 a6 12. f3 b5 13. Nd5 Bxd5 14. exd5 Nd7 15. Qd2 Bf6 16. Bd3 Nc5 17. Rhe1 Na4 18.
c3 b4 19. Qc2 Rxe1 20. Rxe1 Qd7 21. Bxh7+ Kf8 22. Bf5 Qb5 23. c4 Qa5 24. Bd7 Nc5 25.
Qh7 1-0

[Event "*** MasterClass Titled Tuesday Blitz"]
[Site "Chess.com"]
[Date "2017.12.12"]
[Round "4"]
[White "twitchTriniCupid"]
[Black "liquormark"]
[Result "1-0"]
[WhiteElo "2233"]
[BlackElo "2004"]
[TimeControl "180+2"]
[EndTime "13:48:55 PST"]
[Termination "twitchTriniCupid won by resignation"]

1. d4 Nf6 2. c4 g6 3. Nc3 Bg7 4. Bg5 d6 5. e3 O-O 6. Qc2 Bf5 7. Bd3 Bxd3 8. Qxd3 c5 9. Nge2 cxd4 10. exd4 Nc6 11. O-O a6 12. Rac1 Rc8 13. Rfd1 Qa5 14. Bd2 Nb4 15. Qb1 Rxc4 16. a3 Nc6 17. Qd3 b5 18. b3 Rxc3 19. Qxc3 Qxc3 20. Bxc3 Nd5 21. Be1 Nd8 22. Nc3 Nxc3 23. Rxc3 Ne6 24. Rcd3 Rc8 25. Rc3 Rd8 26. Rcd3 Rc8 27. g3 Bf6 28. Bb4 Rc2 29. R1d2 Rc1+ 30. Kg2 Ra1 31. d5 Nc5 32. Bxc5 dxc5 33. Rc2 Bd4 34. b4 1-0

[Event "*** MasterClass Titled Tuesday Blitz"]
[Site "Chess.com"]
[Date "2017.12.12"]
[Round "4"]
[White "Konavets"]
[Black "florianschwabeneder"]
[Result "1-0"]
[WhiteElo "2773"]
[BlackElo "2470"]
[TimeControl "180+2"]
[EndTime "13:49:06 PST"]
[Termination "Konavets won by resignation"]

1. e4 e5 2. Nf3 Nc6 3. Bc4 Be7 4. d4 d6 5. c3 Nf6 6. h3 O-O 7. d5 Nb8 8. Bd3 Nbd7 9. c4 Nh5 10. Nc3 g6 11. Bh6 Ng7 12. g4 Nf6 13. Qe2 Kh8 14. O-O-O Ng8 15. Be3 f5 16. gxf5 gxf5 17. exf5 Nxf5 18.
Rdg1 Nxe3 19. fxe3 Qe8 20. Nd2 Nf6 21. Rg2 Bd7 22.
Rhg1 Qh5 23. Rg7 Rg8 24. Qxh5 Rxg7 25. Rxg7 Kxg7 26. Qg5+ Kf7 27. Nde4 Rg8 28. Qh4 1-0

[Event "*** MasterClass Titled Tuesday Blitz"]
[Site "Chess.com"]
[Date "2017.12.12"]
[Round "4"]
[White "Marcin"]
[Black "marianokar"]
[Result "0-1"]
[WhiteElo "2179"]
[BlackElo "2299"]
[TimeControl "180+2"]
[EndTime "13:49:06 PST"]
[Termination "marianokar won by resignation"]

1. d4 Nf6 2. c4 g6 3. Nf3 Bg7 4. g3 O-O 5. Bg2 d6 6. O-O Nbd7 7. Nc3 e5 8. h3 Re8 9. e4 exd4 10. Nxd4 a6 11.
Be3 Rb8 12. Qc2 Ne5 13. b3 c5 14. Nde2 b5 15. f4 Ned7 16. cxb5 axb5 17. Rad1 Qe7 18. Bf2 b4 19. Nd5 Nxd5 20. Rxd5 Nf6 21. Rxd6 Qxd6 22. e5 Qe6 23. exf6 Bxf6 24. Re1 Qf5 25. Qxc5 Qxc5 26. Bxc5 Bc3 27. Bc6 Re6 28. Rd1 Rxc6 29.
Rd8+ Kg7 30. Bf8+ Kf6 31. g4 Rb5 32. Ng3 Ke6 33. Kg2 f5 0-1

[Event "*** MasterClass Titled Tuesday Blitz"]
[Site "Chess.com"]
[Date "2017.12.12"]
[Round "4"]
[White "chito89"]
[Black "jcibarra"]
[Result "0-1"]
[WhiteElo "2571"]
[BlackElo "2705"]
[TimeControl "180+2"]
[EndTime "13:49:18 PST"]
[Termination "jcibarra won by resignation"]

1. d4 Nf6 2. Nf3 g6 3. Bf4 Bg7 4. e3 d6 5. h3 O-O 6. Be2 c5 7.
c3 Be6 8. Nbd2 Qb6 9. Qc1 Nc6 10. O-O Rac8 11. Bh2 cxd4 12. exd4 Nd5 13. Nc4 Qa6 14.
Qd2 Nxc3 15. Qxc3 Nxd4 16. Nxd4 Bxc4 17. Qd2 Bxd4 18. Qxd4 Bxe2 19. Rfe1 Rc2 20. a4 e5 21. Qb4 Qb6 22. Qxb6 axb6 23. b4 f6 24. Bg3 d5 25.
f4 Re8 26. fxe5 fxe5 27. a5 d4 28. Rac1 Rxc1 29. Rxc1 bxa5 30. bxa5 d3 31. Be1 e4 32. Rc7 e3 33. Bc3 d2 0-1

[Event "*** MasterClass Titled Tuesday Blitz"]
[Site "Chess.com"]
[Date "2017.12.12"]
[Round "4"]
[White "Quiet_Desperation"]
[Black "Parhamov"]
[Result "0-1"]
[WhiteElo "2370"]
[BlackElo "2744"]
[TimeControl "180+2"]
[EndTime "13:49:21 PST"]
[Termination "Parhamov won by resignation"]

1. e4 c5 2. Nf3 d6 3. d4 cxd4 4.
Nxd4 Nf6 5. Nc3 e6 6. Be3 a6 7. f3 b5 8. Qd2 Bb7 9. O-O-O Be7 10. g4 Nc6 11. Bd3 Rc8 12. Kb1 Nd7 13. h4 Nce5 14. b3 b4 15. Nce2 a5 16. g5 d5 17. h5 Nxd3 18.
cxd3 Ba6 19. g6 Nc5 20. Nc1 Bf6 21. h6 fxg6 22. hxg7 Bxg7 23. e5 Bxe5 24. Rhe1 O-O 25. Bh6 Bxd4 26. Bxf8 Qxf8 27. Qh2 e5 28. Rh1 Qg7 29. Qh3 Rf8 30. Kc2 Bc8 31. Qh4 Bf5 0-1

[Event "*** MasterClass Titled Tuesday Blitz"]
[Site "Chess.com"]
[Date "2017.12.12"]
[Round "4"]
[White "oogee"]
[Black "goldenspine"]
[Result "0-1"]
[WhiteElo "2146"]
[BlackElo "2282"]
[TimeControl "180+2"]
[EndTime "13:49:24 PST"]
[Termination "goldenspine won by resignation"]

1. d4 Nf6 2. c4 g6 3. Nc3 d5 4. Nf3 Bg7 5. Qb3 dxc4 6. Qxc4 a6 7. Qd3 O-O 8. e4 c5 9. Bf4 cxd4 10. Nxd4 Qa5 11. Nb3 Qb4 12. Bd2 Nc6 13. f4 Rd8 14.
Qe3 Ng4 15. Qg1 Rxd2 16. Kxd2 Be6 17. Bd3 Rd8 18. Rd1 Bxb3 19. axb3 Bd4 20. Qe1 Qxb3 21.
Kc1 Nb4 22. h3 Na2+ 0-1

[Event "*** MasterClass Titled Tuesday Blitz"]
[Site "Chess.com"]
[Date "2017.12.12"]
[Round "4"]
[White "RitvarsReimanis"]
[Black "dawtonlms"]
[Result "0-1"]
[WhiteElo "2455"]
[BlackElo "2271"]
[TimeControl "180+2"]
[EndTime "13:49:30 PST"]
[Termination "dawtonlms won by resignation"]

1. d4 Nf6 2. e3 g6 3. f4 Bg7 4. Nf3 d6 5. c3 O-O 6. Bc4 a6 7.
a4 b6 8. O-O Bb7 9. Nbd2 c5 10.
Qe2 Nbd7 11. b4 Qc7 12. bxc5 bxc5 13. Ba3 Ne4 14. Nxe4 Bxe4 15. Bxa6 Nb6 16. Nd2 Bc6 17. dxc5 dxc5 18. Bxc5 Nxa4 19. Bd4 Nxc3 20. Bxc3 Bxc3 21. Rac1 Bxd2 22. Rc2 Qb6 23. Qxd2 Rxa6 24. Rfc1 Be4 25. Rc7 Ra3 26. Kf2 Qd6 27. Qe2 Rd3 28. R1c2 Rd8 29.
Rc8 Kg7 30. Rxd8 Qxd8 31. Kg3 Qd4 32. Kf2 Qd5 33. g4 Rd1 34. g5 Bxc2 0-1

[Event "*** MasterClass Titled Tuesday Blitz"]
[Site "Chess.com"]
[Date "2017.12.12"]
[Round "4"]
[White "A-Fier"]
[Black "joppie2"]
[Result "1-0"]
[WhiteElo "2630"]
[BlackElo "2649"]
[TimeControl "180+2"]
[EndTime "13:49:37 PST"]
[Termination "A-Fier won by resignation"]

1. d4 d5 2. c4 dxc4 3. e4 e5 4.
Nf3 Bb4+ 5. Nc3 Nf6 6. Nxe5 b5 7. f3 a6 8. Be2 c5 9. d5 Qe7 10. f4 Nxe4 11. O-O Nxc3 12. bxc3 Bxc3 13. d6 Bd4+ 14. Qxd4 cxd4 15. dxe7 Bb7 16. Ba3 d3 17. Bf3 Bxf3 18.
Rxf3 f6 19. Nxd3 cxd3 20. Rxd3 Nc6 21. Rc1 b4 22. Rxc6 bxa3 23. Rc7 h5 24. Rxa3 h4 25. Ra5 Rh7 26. Rd5 Rb8 27. Kf2 Kf7 28. Rd8 1-0

[Event "*** MasterClass Titled Tuesday Blitz"]
[Site "Chess.com"]
[Date "2017.12.12"]
[Round "4"]
[White "GrigorGrigorov"]
[Black "Taron_Shagbazyan"]
[Result "1-0"]
[WhiteElo "2576"]
[BlackElo "2507"]
[TimeControl "180+2"]
[EndTime "13:49:39 PST"]
[Termination "GrigorGrigorov won by resignation"]

1. d4 d5 2. c4 c6 3. Nf3 Nf6 4. Nbd2 Bf5 5. Nh4 Bc8 6. e3 e6 7. Bd3 Nbd7 8. O-O Bd6 9. Nhf3 O-O 10. e4 dxe4 11. Nxe4 Nxe4 12. Bxe4 Nf6 13. Bc2 c5 14. Re1 cxd4 15. Qxd4 Be7 16. Qh4 Qa5 17. Bg5 h6 18. Bxh6 Qh5 19. Qxh5 Nxh5 20. Be3 Bd7 21. Ne5 Be8 22. Be4 Rc8 23. Bxb7 Rb8 24. Bf3 Nf6 25. b3 a5 26. Rad1 a4 27. Rd3 axb3 28. axb3 Bb4 29. Red1 Ba5 30. Bc5 1-0

[Event "*** MasterClass Titled Tuesday Blitz"]
[Site "Chess.com"]
[Date "2017.12.12"]
[Round "4"]
[White "juniortay"]
[Black "LuisFSiles"]
[Result "1-0"]
[WhiteElo "2326"]
[BlackElo "2225"]
[TimeControl "180+2"]
[EndTime "13:49:44 PST"]
[Termination "juniortay won by resignation"]

1. e4 e5 2. Nc3 Nf6 3. Bc4 Nc6 4. d3 Bb4 5. Ne2 d5 6. exd5 Nxd5 7. O-O Nxc3 8.
bxc3 Bd6 9. Ng3 Qh4 10. Ne4 h6 11. f4 Bg4 12. Qd2 O-O 13. f5 Qh5 14. Qf2 Na5 15.
h3 Be2 16. Ng3 Qh4 17. Nxe2 Qxf2+ 18. Kxf2 Nxc4 19. dxc4 Rad8 20. Ng3 Bc5+ 21. Ke2 Rd6 22. Ne4 Rc6 23. Nxc5 1-0

[Event "*** MasterClass Titled Tuesday Blitz"]
[Site "Chess.com"]
[Date "2017.12.12"]
[Round "4"]
[White "ohusbands"]
[Black "nicegg"]
[Result "1-0"]
[WhiteElo "2351"]
[BlackElo "1976"]
[TimeControl "180+2"]
[EndTime "13:49:52 PST"]
[Termination "ohusbands won by resignation"]

1. e4 e5 2. Nf3 Nc6 3. d4 exd4 4. Nxd4 Nf6 5. Nxc6 dxc6 6. Qxd8+ Kxd8 7. e5 Ng4 8.
Bf4 Bc5 9. Bg3 Re8 10. Nd2 Nxe5 11. O-O-O Bd7 12. Ne4 Be7 13. Bxe5 Bg5+ 14. Nxg5 f6 15. Bxf6+ gxf6 16. Nf3 Ke7 17. Bc4 Bg4 18. Rhe1+ Kf8 19. Rxe8+ Rxe8 20. Bd3 h6 21. Kd2 b5 22. b4 Rd8 23. Kc3 Rd5 24. Re1 a6 25. Nd4 c5 26.
Ne6+ Bxe6 27. Rxe6 cxb4+ 28. Kxb4 c5+ 29. Kc3 c4 30. Be4 Rh5 31. Rxf6+ Kg7 32. Rg6+ Kf7 33. Rxa6 Rxh2 34. Rb6 Rh4 35. Bf3 Rf4 36. Rxb5 Kf6 37.
Rc5 Rh4 38. Rxc4 Rh1 39. a4 Ra1 40. Kb2 Re1 41. a5 Re5 42. a6 Ra5 43. Bb7 Ke5 44. Kb3 h5 45. Ra4 Rb5+ 46. Kc4 Rb6 47. a7 h4 48.
a8=Q h3 49. gxh3 Kd6 50. Qd8+ 1-0

[Event "*** MasterClass Titled Tuesday Blitz"]
[Site "Chess.com"]
[Date "2017.12.12"]
[Round "4"]
[White "FearNoEvil12"]
[Black "leopato"]
[Result "1-0"]
[WhiteElo "2049"]
[BlackElo "1796"]
[TimeControl "180+2"]
[EndTime "13:49:55 PST"]
[Termination "FearNoEvil12 won on time"]

1. e4 c6 2. d4 d5 3. Nc3 dxe4 4. Nxe4 Nd7 5. Bc4 Ngf6 6. Ng3 e6 7. N1e2 Be7 8. O-O O-O 9. Bd3 c5 10.
c3 b6 11. f4 Bb7 12. f5 cxd4 13. fxe6 fxe6 14. Nxd4 Ne5 15. Bc2 Qd5 16. Qe2 Bc5 17. Be3 Bxd4 18. Bxd4 Neg4 19. Rxf6 Nxf6 20. Re1 Kh8 21. h3 e5 22. Be3 Qxa2 23. Bg5 Rae8 24. Bb1 Qd5 25. Bxf6 Rxf6 26. Be4 Qc5+ 27. Kh2 Rf2 28. Qh5 Bxe4 29. Nxe4 1-0

[Event "*** MasterClass Titled Tuesday Blitz"]
[Site "Chess.com"]
[Date "2017.12.12"]
[Round "4"]
[White "Apocalyps999"]
[Black "Vahe_Dan"]
[Result "0-1"]
[WhiteElo "2418"]
[BlackElo "2556"]
[TimeControl "180+2"]
[EndTime "13:50:10 PST"]
[Termination "Vahe_Dan won by resignation"]

1. e4 g6 2. d4 Bg7 3. Nc3 d5 4. exd5 Nf6 5. Nf3 O-O 6. Be2 Nxd5 7. Nxd5 Qxd5 8. c4 Qd6 9. O-O Bf5 10. Be3 c6 11. Qb3 Nd7 12. Qxb7 Rfb8 13. Qa6 Rxb2 14. c5 Qc7 15. Bd3 Bxd3 16. Qxd3 Rd8 17. Qc4 e6 18. g3 Qa5 19. Bf4 Rb4 20. Qc3 Qb5 21. a4 Qc4 22. Qe3 Nf6 23. Rfc1 Qd5 24. Bd6 Ng4 25. Qf4 Bxd4 26.
Nxd4 Rxd4 27. Qxd4 Qxd4 28. Ra2 h5 29. h3 Ne5 30.
Re2 Nf3+ 31. Kg2 Qd5 32. Kf1 Nd2+ 33. Ke1 Nf3+ 34. Kf1 Nd4 0-1

[Event "*** MasterClass Titled Tuesday Blitz"]
[Site "Chess.com"]
[Date "2017.12.12"]
[Round "4"]
[White "lucasmito"]
[Black "chesstatour"]
[Result "1-0"]
[WhiteElo "2237"]
[BlackElo "1991"]
[TimeControl "180+2"]
[EndTime "13:50:13 PST"]
[Termination "lucasmito won on time"]

1. e4 c6 2. d4 d5 3. Nc3 dxe4 4. Nxe4 Nf6 5. Nxf6+ gxf6 6. Ne2 Bf5 7. Ng3 Bg6 8. h4 h5 9. Be3 e6 10. Bd3 Bxd3 11.
Qxd3 Qa5+ 12. Bd2 Qa6 13. Qf3 Nd7 14. a3 Qb5 15. O-O-O Qd5 16. Qe2 Qa2 17. Bc3 Nb6 18. Nxh5 Na4 19. Nxf6+ Ke7 20. Bb4+ Kd8 21. c4 Bh6+ 22.
Kc2 Qxb2+ 23. Kd3 Qb3+ 24. Ke4 1-0

[Event "*** MasterClass Titled Tuesday Blitz"]
[Site "Chess.com"]
[Date "2017.12.12"]
[Round "4"]
[White "kleinebeer98"]
[Black "evgenysharapov"]
[Result "1-0"]
[WhiteElo "2496"]
[BlackElo "2317"]
[TimeControl "180+2"]
[EndTime "13:50:16 PST"]
[Termination "kleinebeer98 won by resignation"]

1. e4 c5 2. Nf3 d6 3. d4 cxd4 4. Nxd4 Nf6 5. Nc3 Nc6 6. Nd5 Nxe4 7. Nb5 Be6 8. Ndc7+ Kd7 9. Nxa8 Qxa8 10. g3 g6 11. Bg2 Nf6 12. Bg5 Bg7 13. Qe2 a6 14. Nc3 h6 15.
Be3 Qd8 16. O-O h5 17. Rad1 h4 18. Na4 Qa5 19. Nc5+ Ke8 20. Nxb7 Qc7 21. Qxa6 Ne5 22. Qa8+ Kd7 23. Qa4+ Kc8 24. Qa6 Kd7 25. Bb6 Qc4 26.
Nc5+ Ke8 27. Qa8+ 1-0